 Dungeon Crawl Stone Soup version 0.29.0-4-gdea44cf6ec (webtiles) character file.

Game seed: 1877587765911475395

12 qw the Sneak (level 2, -4/19 HPs)
             Began as a Gargoyle Delver on Sept 10, 2022.
             Slain by a gnoll
             ... wielding a +0 flail
              (7 damage)
             ... on level 4 of the Dungeon.
             The game lasted 00:00:10 (1065 turns).

qw the Sneak (Gargoyle Delver)                      Turns: 1065, Time: 00:00:10

Health: -4/19      AC:  5    Str: 15    XL:     2   Next: 33%
Magic:  2/2        EV: 11    Int: 10    God:
Gold:   0          SH:  0    Dex: 11    Spells: 1/1 levels left

rFire   . . .      SeeInvis .   a - +0 hand axe
rCold   . . .      Faith    .   (no shield)
rNeg    + . .      Spirit   .   b - +0 leather armour
rPois   inf        Reflect  .   (no helmet)
rElec   +          Harm     .   (no cloak)
rCorr   .          Rampage  .   (no gloves)
Will    .....                   (no boots)
Stlth   +++.......              (no amulet)
HPRegen 0.06/turn               (no ring)
MPRegen 0.08/turn               (no ring)

@: no status effects
A: sickness immunity, AC +2, negative energy resistance 1, electricity
resistance, torment resistance 1, petrification resistance
a: no special abilities


You were on level 4 of the Dungeon.
You visited 1 branch of the dungeon, and saw 2 of its levels.


Innate Abilities, Weirdness & Mutations

You are immune to sickness and miasma.
Your stone body is resilient. (AC +2)
You are immune to poison.
You resist negative energy. (rN+)
You are resistant to electric shocks. (rElec)
You are resistant to unholy torment.
You are immune to petrification.


   Skills:
 - Level 3.2 Fighting
 + Level 2.6 Axes
 - Level 1.5 Dodging
 - Level 5.4 Stealth


You had one spell level left.
You didn't know any spells.
Your spell library was empty.

Inventory:

Hand Weapons
 a - a +0 hand axe (weapon)
 d - a +0 club
Armour
 b - a +0 leather armour (worn)
 e - a +0 ring mail
Wands
 g - a wand of digging (3)
Scrolls
 c - a scroll of silence {unknown}
 h - a scroll of identify {unknown}
Potions
 f - a potion of haste
 i - a potion of curing {unknown}

Dungeon Overview and Level Annotations

Branches:
Dungeon (5/15)
 Temple: D:4-7

Altars:


Message History

You kill the adder!
You have reached level 2!
You start resting.
HP restored.
Found 6 stones.
A gnoll comes into view. It is wielding a +0 flail.
The gnoll shouts!
You hear a shout!
You hear a bark!
A gnoll comes into view. It is wielding a +0 halberd.
1052 ||| Stepping ~*~*~tactically~*~*~ (stealth).
A jackal comes into view.
1054 ||| Stepping ~*~*~tactically~*~*~ (stealth).
A gnoll is nearby!
You barely miss the gnoll. The gnoll hits you with a +0 flail.
You hit the gnoll.
The gnoll is lightly wounded.
A jackal comes into view.
The gnoll hits you with a +0 flail.
You closely miss the gnoll.
The gnoll is lightly wounded.
The gnoll closely misses you.
You closely miss the gnoll.
The gnoll is lightly wounded.
The jackal barks!
You hear a shout!
The gnoll hits you but does no damage.
You hit the gnoll.
The gnoll is moderately wounded.
The gnoll hits you but does no damage.
You hit the gnoll.
The gnoll is heavily wounded.
The gnoll closely misses you.
You barely miss the gnoll.
The gnoll is heavily wounded.
The gnoll hits you with a +0 flail.
A jackal comes into view.
The gnoll hits you with a +0 flail!
You hit the gnoll.
The gnoll is severely wounded.
The gnoll hits you with a +0 flail!
You die...

### ..# #.# #.##
######### #..
........##
#.#############...
#@................
#g#####...#.######
g#######h#####.#.#.# #
.h(..g..h.##.%.#...###
#
.#######.....#####...#
# #.###...#...#.####
#.# ###.#.#....... #.#
#.......#### #.#
##......####


You could see a gnoll and 2 jackals.

Vanquished Creatures
  An adder (D:4)
  A dart slug (D:4)
  A goblin (D:4)
3 creatures vanquished.

Notes
Turn   | Place    | Note
-------+----------+-------------------------------------------
     0 | D:5      | qw the Gargoyle Delver began the quest for the Orb.
     0 | D:5      | Reached XP level 1. HP: 14/14 MP: 1/1
     0 | D:5      | 0 ||| qw: Version: 0.1-a-116-g5d60599
     0 | D:5      | 0 ||| qw: Game counter: 9521
     0 | D:5      | 0 ||| qw: Always use a shield: true
     0 | D:5      | 0 ||| qw: God list: Okawaru
     0 | D:5      | 0 ||| qw: Allow faded altars: false
     0 | D:5      | 0 ||| qw: Do Orc after D:15 true
     0 | D:5      | 0 ||| qw: Do second Lair branch before Depths: true
     0 | D:5      | 0 ||| qw: Lair rune preference: random
     0 | D:5      | 0 ||| qw: Plans: Normal
     0 | D:5      | 0 ||| PLANNING D:1-11
     1 | D:5      | 1 ||| DROPPING scroll of fog.
     2 | D:5      | 2 ||| DROPPING scroll of magic mapping.
     3 | D:5      | 3 ||| DROPPING scroll of fear.
   112 | D:4      | 112 ||| Stepping ~*~*~tactically~*~*~ (hiding).
   214 | D:4      | 214 ||| Stepping ~*~*~tactically~*~*~ (hiding).
   316 | D:4      | 316 ||| Stepping ~*~*~tactically~*~*~ (hiding).
   418 | D:4      | 418 ||| Stepping ~*~*~tactically~*~*~ (hiding).
   520 | D:4      | 520 ||| Stepping ~*~*~tactically~*~*~ (hiding).
   622 | D:4      | 622 ||| Stepping ~*~*~tactically~*~*~ (hiding).
   724 | D:4      | 724 ||| Stepping ~*~*~tactically~*~*~ (hiding).
   826 | D:4      | 826 ||| Stepping ~*~*~tactically~*~*~ (hiding).
   976 | D:4      | Reached XP level 2. HP: 15/19 MP: 2/2
  1052 | D:4      | 1052 ||| Stepping ~*~*~tactically~*~*~ (stealth).
  1054 | D:4      | 1054 ||| Stepping ~*~*~tactically~*~*~ (stealth).
  1064 | D:4      | HP: 3/19 [gnoll/+0 flail (7)]
  1065 | D:4      | Slain by a gnoll

Levels and vault maps discovered:
D:4:      layout_loops_ring
D:5:      layout_rooms, nicolae_gozag_cash_rules_everything_around_me,
          kennysheep_big_empty_room, minmay_misc_feat_rugged,
          kennysheep_generic_room_12

Skill      XL: |  1 |
---------------+----+-----
Axes           | 2 |  2.6
Fighting       | |  3.2
Dodging        | |  1.5
Stealth        | |  5.4

Action                   || total
-------------------------++-------
Melee: Hand axe          ||    23
Armor: Leather armour    ||     7
Dodge: Dodged            ||     8

Table legend:
 A = Non-vault XP
 B = Vault XP
 C = Vault XP percentage of total XP
 D = Non-vault monster count
 E = Vault monster count
 F = Vault count percentage of total count
                 A         B        C        D         E       F
            +---------+---------+-------+---------+---------+-------
      Total |      18 |       0 |   0.0 |       3 |       0 |   0.0
            +---------+---------+-------+---------+---------+-------
        D:4 |      18 |       0 |   0.0 |       3 |       0 |   0.0
            +---------+---------+-------+---------+---------+-------
